AoeStats
← Bigger

MegaRandom

504722664Analyzed
1v1 RM · 24d ago on Sep 6, 2026· 29m 11s· 2 players
Game mode
Random Map
Map size
Tiny (2 player)
Population
200
Speed
Normal
Resources
Standard
Victory
Conquest
Starting age
Dark Age
Ending age
Imperial Age
RankedLock teamsTeams togetherTeam positionsShared explorationLock speedFull tech treeHidden civsTurbo modeCheats
Victory
Defeat
🇳🇱 Turks · Netherlands
663
+16
🇷🇴 Khmer · Romania
664
-32
daanoldenhave
13:07 Feudal Age
17:41 Castle Age
16:04 Scale Barding Armor
17:26 Forging
24:06 Sanctity
Bigger
3:19 Loom
11:35 Feudal Age
15:18 Double-Bit Axe
27:46 Horse Collar
Connection lost

Rejoining the realm…

Still unreachable

The connection could not be restored.

Session expired

The server has moved on; the page needs a fresh start.